 Dungeon Crawl Stone Soup version 0.29-a0-330-g52719c12eb (webtiles) character file.

Game seed: 17511086692077088291

4 sanka the Ruffian (level 1, -2/23 HPs)
             Began as a Gnoll Cinder Acolyte on May 28, 2022.
             Was a High Priest of Ignis.
             Slain by a goblin
             ... wielding a +0 club
              (3 damage)
             ... on level 1 of the Dungeon.
             The game lasted 00:00:07 (33 turns).

sanka the Ruffian (Gnoll Cinder Acolyte)              Turns: 33, Time: 00:00:08

Health: -2/23      AC:  2    Str: 13    XL:     1   Next: 60%
Magic:  4/4        EV: 11    Int: 13    God:    Ignis [*****.]
Gold:   0          SH:  0    Dex:  7    Spells: 5/5 levels left

rFire   + . .      SeeInvis .     - Unarmed
rCold   . . .      Faith    .   (no shield)
rNeg    . . .      Spirit   .   a - +0 robe
rPois   .          Reflect  .   (no helmet)
rElec   .          Harm     .   (no cloak)
rCorr   .          Rampage  .   (no gloves)
Will    .....                   (no boots)
Stlth   +.........              (no amulet)
HPRegen 0.07/turn               (no ring)
MPRegen 0.09/turn               (no ring)

@: no status effects
A: fangs 1, strong nose, distributed training
a: Renounce Religion, Fiery Armour, Foxfire Swarm, Rising Flame


You were on level 1 of the Dungeon.
You worshipped Ignis.
Ignis was extremely pleased with you.
You visited 1 branch of the dungeon, and saw 1 of its levels.


Innate Abilities, Weirdness & Mutations

You have very sharp teeth.
Your uncanny sense of smell can sniff out nearby items.
Your experience applies equally to all skills.


   Skills:
 + Level 6.4 Fighting
 + Level 0.1 Short Blades
 + Level 0.1 Long Blades
 + Level 0.1 Axes
 + Level 0.1 Maces & Flails
 + Level 0.1 Polearms
 + Level 0.1 Staves
 + Level 0.1 Slings
 + Level 0.1 Bows
 + Level 0.1 Crossbows
 + Level 0.1 Throwing
 + Level 0.1 Armour
 + Level 0.1 Dodging
 + Level 0.1 Stealth
 + Level 0.1 Shields
 + Level 6.4 Unarmed Combat
 + Level 2.6 Spellcasting
 + Level 0.1 Conjurations
 + Level 0.1 Hexes
 + Level 0.1 Summonings
 + Level 0.1 Necromancy
 + Level 0.1 Translocations
 + Level 0.1 Transmutations
 + Level 5.3 Fire Magic
 + Level 0.1 Ice Magic
 + Level 0.1 Air Magic
 + Level 0.1 Earth Magic
 + Level 0.1 Poison Magic
 + Level 0.2 Invocations
 + Level 0.1 Evocations


You had 5 spell levels left.
You didn't know any spells.
Your spell library contained the following spells:

 Spells                   Type           Power      Damage    Failure   Level
 Scorch                   Fire           30%        2d6       4%          2

Inventory:

Armour
 a - a +0 robe (worn)

Dungeon Overview and Level Annotations

Branches:
Dungeon (1/15)

Altars:

▒..▒.▒.▒▒▒
▒......... ▒
▒.......▒ ..
▒.......▒ ... ▒
▒.......▒
....▒.▒....▒..▒ .
......▒.......▒..
......†..gw......
....▒▒.▒.g......
..............▒.^
..............▒
▒▒▒..▒...▒.▒..▒
....▒.8.▒.▒.▒▒
..▒. ▒...▒.▒ ▒ .
▒ ▒.>.▒.. ∆
▒...▒..


You could see a worm and a goblin.


Message History

You hit the worm but do no damage. The goblin barely misses you.
You hit the worm but do no damage. The goblin misses you. The worm bites you!
* * * LOW HITPOINT WARNING * * *
You punch the worm! Your bite misses the worm.
The worm is heavily wounded.
The goblin hits you with a +0 club.
* * * LOW HITPOINT WARNING * * *
You hit the worm but do no damage.
The worm is heavily wounded.
The worm closely misses you. The goblin closely misses you.
You punch the worm!
The worm is almost dead.
The goblin barely misses you.
You barely miss the worm. Your bite misses the worm.
The worm is almost dead.
The worm barely misses you. The goblin hits you with a +0 club.
* * * LOW HITPOINT WARNING * * *
You barely miss the worm.
The worm is almost dead.
The goblin barely misses you. The goblin attacks as you move away!
The goblin hits you with a +0 club.
You die...

Action                   || total
-------------------------++-------
Melee: Unarmed           ||    15
Dodge: Dodged            ||    10

Levels and vault maps discovered:
D:1:      lemuel_arrival_hallway, layout_basic,
          dreamdust_ecumenical_altar_hidden_monk_grotto, hangedman_glass_teeth,
          nicolae_wormholes

Notes
Turn   | Place    | Note
-------+----------+-------------------------------------------
     0 | D:1      | sanka the Gnoll Cinder Acolyte began the quest for the Orb.
     0 | D:1      | Reached XP level 1. HP: 23/23 MP: 4/4
    31 | D:1      | HP: 1/23 [goblin/+0 club (4)]
    33 | D:1      | Slain by a goblin

Vanquished Creatures
  A dart slug (D:1)
  A bat (D:1)
2 creatures vanquished.
